 Dungeon Crawl Stone Soup version 0.21-a0-2-ge494091 (console) character file.

310 svalbard the Sneak (level 6, -8/45 HPs)
             Began as an Octopode Assassin on Aug 16, 2017.
             Was an Initiate of Ashenzari.
             Mangled by an unseen horror (11 damage)
             ... on level 4 of the Dungeon.
             The game lasted 00:02:55 (2182 turns).

svalbard the Sneak (Octopode Assassin)              Turns: 2182, Time: 00:02:56

Health: -8/45      AC:  1    Str: 11    XL:     6   Next: 41%
Magic:  6/6        EV: 15    Int: 13    God:    Ashenzari [......]
Gold:   231        SH:  3    Dex: 15    Spells: 5/5 levels left

rFire    . . .     SeeInvis .   a - +0 dagger (chaos)
rCold    . . .     Gourm    .   d - +0 buckler
rNeg     . . .     Faith    .   (helmet restricted)
rPois    .         Spirit   .   (no amulet)
rElec    .         Reflect  .   (no ring)
rCorr    .         Harm     .   (no ring)
MR       .....                  (no ring)
Stlth    ++++......             (no ring)
Regen    0.2/turn               (no ring)
MPRegen  0.1/turn               (no ring)
                                (no ring)
                                (no ring)

@: lethally poisoned (-8 -> -9)
A: almost no armour, stealthy swim, amphibious, 8 rings, constrict 8, camouflage
1, gelatinous body 1
a: Curse Item, Renounce Religion


You were on level 4 of the Dungeon.
You worshipped Ashenzari.
Ashenzari was noncommittal.
You were not hungry.

You visited 1 branch of the dungeon, and saw 4 of its levels.

You collected 231 gold pieces.

Inventory:

Hand Weapons
 a - a +0 dagger of chaos (weapon)
 b - a +0 blowgun
 l - a +2 dagger
Missiles
 c - 21 poisoned needles
 n - 2 needles of sleeping
Armour
 d - a +0 buckler (worn)
 m - a +0 shield
Scrolls
 o - 2 scrolls of magic mapping
 s - a scroll of recharging {unknown}
Potions
 e - a potion of magic {unknown}
 h - a potion of cancellation
 j - a potion of curing {unknown}
 k - a potion of lignification {unknown}
 r - a potion of haste {unknown}
Comestibles
 f - 5 bread rations
 g - 2 fruits
 i - a meat ration
 t - 3 chunks of flesh


   Skills:
 + Level 4.8 Fighting
 - Level 2.0 Short Blades
 - Level 2.0 Throwing
 + Level 4.4 Dodging
 - Level 5.3 Stealth


You had 5 spell levels left.
You didn't know any spells.

Dungeon Overview and Level Annotations

Branches:
Dungeon (4/15)
 Temple: D:4-7

Altars:
Ashenzari
Fedhas
Kikubaaqudgha
Sif Muna
Vehumet
Xom
Zin

Annotations:
D:4 1 transporter


Innate Abilities, Weirdness & Mutations

You cannot wear most types of armour.
You are very stealthy in the water. (Stealth+)
You are amphibious.
You can wear up to eight rings at the same time.
You can use your tentacles to constrict eight enemies at once.
Your skin changes colour to match your surroundings (Stealth+).
Your rubbery body absorbs attacks. (AC +1, EV +1)


Message History

You start resting.
Something hits you!
You hit something but do no damage. Lightning courses through something!
You squeeze something! Something hits you.
Okay, then.
As you read the scroll labeled JALURO DUSEATO, it crumbles to dust.
It is a scroll of amnesia.
You feel forgetful for a moment.
You feel sick. Something hits you.
As you read the scroll labeled KEDUSA EZUKKI, it crumbles to dust.
You assume a fearsome visage.
It was a scroll of fear.
You feel sick. Something completely misses you.
Found an uncursed war axe.
Something hits you!
* * * LOW HITPOINT WARNING * * *
Found 17 gold pieces and a royal jelly.
Something completely misses you. Something hits you.
* * * LOW HITPOINT WARNING * * *
It was a potion of cancellation.
You feel magically purged.
You feel sick. You block something's attack. Something hits you!
You die...

#...........
#.........#######....#####
.......................).#
.(........# #..#########%.
.g.......# #.##8$._)$8##.#
g...<..# #.#. =)$=($.#.#
.###...# #.#. #...# .#.#
##### #.#.##...##.#.#
#.#©@{......#.#
#.#.##..?##.#.#
#.#.##...##.#.#
#.#........†#.#
#?##8.....8##.#
#%.#########..#
##.....©.....##
##......##### #.#.#.##


There were no monsters in sight!

Vanquished Creatures
  A scorpion (D:4)
  3 crimson imps (D:3)
  A worker ant (D:4)
  6 adders (D:3)
  An ooze (D:2)
  A worm (D:2)
  A dart slug (D:2)
  A leopard gecko (D:4)
  An orc (shapeshifter) (D:3)
  9 orcs (D:3)
  12 bats
  5 giant cockroaches
  6 goblins
  2 hobgoblins (D:1)
  3 quokkas
  5 frilled lizards
  3 kobolds
  8 rats
69 creatures vanquished.

Vanquished Creatures (others)
  4 toadstools (D:1)
4 creatures vanquished.

Grand Total: 73 creatures vanquished

Notes
Turn   | Place    | Note
-------+----------+-------------------------------------------
     0 | D:1      | svalbard the Octopode Assassin began the quest for the Orb.
     0 | D:1      | Reached XP level 1. HP: 14/14 MP: 1/1
   239 | D:1      | Reached XP level 2. HP: 15/20 MP: 2/2
   719 | D:2      | Found a shattered altar of Ashenzari.
   728 | D:2      | Reached XP level 3. HP: 25/25 MP: 3/3
   732 | D:2      | Became a worshipper of Ashenzari the Shackled
   831 | D:3      | Found a shimmering altar of Xom.
   840 | D:3      | Reached XP level 4. HP: 22/31 MP: 4/4
   869 | D:2      | Found a glowing silver altar of Zin.
  1265 | D:3      | Reached XP level 5. HP: 37/37 MP: 5/5
  1350 | D:3      | Found an ancient bone altar of Kikubaaqudgha.
  1350 | D:3      | Found a blossoming altar of Fedhas.
  1462 | D:3      | Found a radiant altar of Vehumet.
  1956 | D:3      | Reached XP level 6. HP: 44/44 MP: 6/6
  2158 | D:4      | Found a deep blue altar of Sif Muna.
  2159 | D:4      | Identified a ring of the Octopus King {rCorr AC+1 EV+1 Str+1 Int+1 Dex+1}
  2182 | D:4      | Mangled by an unseen horror

Vault maps used:
D:1:      ldierk_water_garden
D:2:      nicolae_overflow_hidden_temple, evilmike_ruin_ashenzari, first_bread
D:3:      grunt_temple_overflow_growth_and_decay, vehumet_crystals, led_xom_imps
D:4:      gammafunk_temple_overflow_arena, marbit_many_paths,
          chequers_temple_overflow_statue_of_worship

Skill      XL: |  1  2  3  4  5 |
---------------+----------------+-----
Dodging        | 2 3 4 |  4.4
Fighting       | 3 4 |  4.8
Short Blades   | |  2.0
Throwing       | |  2.0
Stealth        | |  5.3

Action                   |  1- 3 |  4- 6 || total
-------------------------+-------+-------++-------
Melee: Dagger            |    27 |    93 ||   120
       Hand axe          |    11 |       ||    11
       Constrict         |     9 |    22 ||    31
       Tentacles         |     4 |    14 ||    18
 Fire: Blowgun           |     2 |       ||     2
  Use: Scroll            |     4 |     3 ||     7
       Potion            |       |     1 ||     1
 Stab: Sleeping          |    11 |    19 ||    30
  Eat: Chunk             |       |     4 ||     4
Armor: Skin              |     3 |     3 ||     6
Dodge: Dodged            |    21 |    36 ||    57
Block: Buckler           |       |     9 ||     9
